 Dungeon Crawl Stone Soup version 0.30-a0-964-gd452b5e7fa (webtiles) character file.

Game seed: 15113838476563550616

140 vishdafish the Conjurer (level 5, 35/35 HPs)
             Began as a Demonspawn Conjurer on Mar 30, 2023.
             Quit the game on level 3 of the Dungeon.
             The game lasted 00:02:22 (2021 turns).

vishdafish the Conjurer (Demonspawn Conjurer)       Turns: 2021, Time: 00:02:22

Health: 35/35      AC:  4    Str:  7    XL:     5   Next: 2%
Magic:  10/10      EV: 12    Int: 28    God:
Gold:   154        SH:  0    Dex: 11    Spells: 2/11 levels left

rFire   . . .      SeeInvis .    c - +0 hand axe
rCold   . . .      Faith    .    (no shield)
rNeg    . . .      Spirit   .    a - +0 robe
rPois   .          Reflect  .    (helmet restricted)
rElec   .          Rampage  .    (no cloak)
rCorr   .                        f - +1 pair of gloves
Will    .....                    (no boots)
Stlth   ++                       (no amulet)
HPRegen 0.25/turn                n - +6 ring of intelligence
MPRegen 0.24/turn                (no ring)

@: no status effects
A: horns 1, spiny 1, magic regeneration
a: no special abilities


You were on level 3 of the Dungeon.
You visited 1 branch of the dungeon, and saw 3 of its levels.

You collected 154 gold pieces.

Inventory:

Hand Weapons
 c - a +0 hand axe (weapon)
Missiles
 i - 2 poisoned darts
Armour
 a - a +0 robe (worn)
 b - a +0 helmet
 f - a +1 pair of gloves (worn)
Jewellery
 n - a +6 ring of intelligence (left hand)
Scrolls
 d - a scroll of fear {unknown}
 e - a scroll of enchant armour {unknown}
 g - a scroll of teleportation {unknown}
 h - a scroll of torment {unknown}
 j - a scroll of amnesia {unknown}
 k - a scroll of identify {unknown}
 o - a scroll of blinking {unknown}
Potions
 l - 2 potions of degeneration {unknown}
 m - a potion of brilliance {unknown}
 p - a potion of heal wounds {unknown}


   Skills:
 - Level 1.7 Dodging
 - Level 1.7 Stealth
 + Level 3.6 Spellcasting
 + Level 5.3 Conjurations


You had 2 spell levels left.
You knew the following spells:

 Your Spells              Type           Power      Damage    Failure   Level
a - Magic Dart            Conj           100%       1d8       1%          1
b - Fulminant Prism       Conj/Hex       10%        3d9       26%         4
c - Iskenderun's Mystic   Conj/Tloc      20%        2d6       26%         4

Your spell library contained the following spells:

 Spells                   Type           Power      Damage    Failure   Level
 Searing Ray              Conj           68%        2d6       1%          2
 Dazzling Flash           Conj/Hex       40%        N/A       8%          3


Dungeon Overview and Level Annotations

Branches:
Dungeon (3/15)

Altars:


Innate Abilities, Weirdness & Mutations

You have a pair of small horns on your head.
You are partially covered in sharp spines.
You regenerate magic rapidly.


Message History

The magic dart hits the gnoll.
The gnoll is moderately wounded.
The magic dart hits the gnoll.
The gnoll is severely wounded.
The magic dart hits the gnoll.
You kill the gnoll!
You can't see any susceptible monsters within range! (Use Z to cast anyway.)
A gnoll comes into view. It is wielding a +0 flail.
A gnoll is nearby!
The magic dart hits the gnoll.
The gnoll is heavily wounded.
The gnoll closely misses you.
The magic dart hits the gnoll.
The gnoll is almost dead.
The gnoll closely misses you.
The magic dart hits the gnoll.
You kill the gnoll!
You can't see any susceptible monsters within range! (Use Z to cast anyway.)
A gnoll comes into view. It is wielding a +0 spear.
A gnoll is nearby!
The magic dart hits the gnoll.
The gnoll is lightly wounded.
The magic dart hits the gnoll.
The gnoll is heavily wounded.
You can't see any susceptible monsters within range! (Use Z to cast anyway.)
You can't see any susceptible monsters within range! (Use Z to cast anyway.)
You can't see any susceptible monsters within range! (Use Z to cast anyway.)
A gnoll is nearby!
The magic dart hits the gnoll.
You kill the gnoll!
You have reached level 5!
Your demonic ancestry asserts itself...
Sharp spines emerge from parts of your body.
Things that are here:
a +0 flail; a gnoll corpse
Things that are here:
a +0 spear; a gnoll corpse
p - a fizzy coppery potion You see here a +0 spear.
Are you sure you want to abandon this character and quit the game? (Confirm with "yes".)

.#. ..## ...### .
..# ############
#.#.# #..........#
#.#@#####.###.#.##.#
#..)......# #.#.##.#
#.####)#######
#.#....# #...)..#
###.###..# ########
.>.......# .
.##......#
#.....#.#####..##
##.....#.##.....#
#........##.##.##


There were no monsters in sight!

Vanquished Creatures
  4 gnolls (D:3)
  4 adders (D:2)
  A worm (D:2)
  A dart slug (D:2)
  6 ball pythons
  7 endoplasms
  A giant cockroach (D:2)
  3 hobgoblins
  6 jackals
  4 kobolds
  4 quokkas
  5 bats (D:1)
  4 frilled lizards
  5 goblins (D:1)
  6 rats
61 creatures vanquished.

Notes
Turn   | Place    | Note
-------+----------+-------------------------------------------
     0 | D:1      | vishdafish the Demonspawn Conjurer began the quest for the
                  | Orb.
     0 | D:1      | Reached XP level 1. HP: 13/13 MP: 3/3
   279 | D:1      | Gained mutation: You regenerate magic rapidly. [demonic
                  | ancestry]
   279 | D:1      | Reached XP level 2. HP: 19/19 MP: 3/5
   675 | D:1      | Reached XP level 3. HP: 11/24 MP: 7/7
  1302 | D:2      | Gained mutation: You have a pair of small horns on your
                  | head. [demonic ancestry]
  1302 | D:2      | Reached XP level 4. HP: 30/30 MP: 1/8
  1389 | D:2      | Learned a level 4 spell: Fulminant Prism
  1394 | D:2      | Learned a level 4 spell: Iskenderun's Mystic Blast
  1534 | D:2      | Reached skill level 5 in Conjurations
  1995 | D:3      | Gained mutation: You are partially covered in sharp spines.
                  | [demonic ancestry]
  1995 | D:3      | Reached XP level 5. HP: 35/35 MP: 4/10
  2021 | D:3      | Quit the game

Illustrated notes

Levels and vault maps discovered:
D:1:      lightli_arrival_windingriver, layout_loops_ring
D:2:      layout_loops_ring, grunt_ministairs_12
D:3:      layout_loops_cross, kennysheep_generic_room_6, uniq_robin

Skill      XL: |  1  2  3  4 |
---------------+-------------+-----
Spellcasting   | 3 |  3.6
Conjurations   | 5 |  5.3
Dodging        | |  1.7
Stealth        | |  1.7

Action                     |  1- 3 |  4- 6 || total
---------------------------+-------+-------++-------
  Melee: Unarmed           |     4 |       ||     4
         Hand axe          |    36 |     1 ||    37
   Cast: Magic Dart        |    91 |    31 ||   122
    Use: Potion            |     1 |       ||     1
 Armour: Robe              |    24 |       ||    24
  Dodge: Dodged            |    54 |     3 ||    57

Table legend: (Time is in decaauts)
 A = Elapsed time spent in this place.
 B = Non-inter-level travel time spent in this place.
 C = Inter-level travel time spent in this place.
 D = Time resting spent in this place.
 E = Time spent auto-exploring this place.
 F = Levels seen in this place.
 G = Mean time per level.
                   A        B        C        D        E       F      G
               +--------+--------+--------+--------+--------+-----+--------+
         Total |   2032 |   1947 |     85 |      0 |   1633 |   3 |  677.3 |
       Dungeon |   2032 |   1947 |     85 |      0 |   1633 |   3 |  677.3 |
               +--------+--------+--------+--------+--------+-----+--------+

Top non-repeatable levels by time:
     D:1: 995 daAuts
     D:2: 894 daAuts
     D:3: 142 daAuts
